 Dungeon Sprint DCSS version 0.31-a0-595-g4209ae197b (webtiles) character file.

Game seed: 14191930039422807754

2010 Conn the Arsonist (level 9, -13/53 HPs)
             Began as an Octopode Fire Elementalist on Aug 19, 2023.
             Was a Believer of Sif Muna.
             Mangled by a polar bear (24 damage)
             ... in the Dungeon (Sprint II: "The Violet Keep of Menkaure").
             The game lasted 00:06:38 (881 turns).

Conn the Arsonist (Octopode Fire Elementalist)       Turns: 881, Time: 00:06:38

Health: -13/53     AC:  1    Str:  7    XL:     9   Next: 22%
Magic:  14/23      EV: 15    Int: 21    God:    Sif Muna [**....]
Gold:   363        SH:  0    Dex: 13    Spells: 19/29 levels left

rFire   . .          .
                       - Unarmed
rCold   + . .        (no shield)
rNeg    + . .        (helmet restricted)
rPois   +            (no amulet)
rElec   .            b - ring of poison resistance
rCorr   +            f - ring of resist corrosion
SInv    .            g - ring of protection from cold
Will    +....        r - ring of positive energy
Stlth   ++++++       s - ring of willpower
HPRegen 0.28/turn    (no ring)
MPRegen 0.18/turn    (no ring)
                     (no ring)

%: no teleportation
@: no status effects
A: almost no armour, amphibious, 8 rings, camouflage 1, gelatinous body 1,
nimble swimmer 1, tentacles
a: Renounce Religion, Channel Magic


You were in the Dungeon.
You worshipped Sif Muna.
Sif Muna was pleased with you.
You visited 1 branch You collected 603 gold pieces.
You spent 240 gold pieces at shops.

Inventory:

Armour
 u - a +3 buckler
Magical Staves
 i - a staff of air
Jewellery
 b - a ring of poison resistance (left tentacle)
 f - a ring of resist corrosion (right tentacle)
 g - a ring of protection from cold (on tentacle)
 r - a ring of positive energy (on tentacle)
 s - a ring of willpower (on tentacle)
Scrolls
 c - a scroll of fear
 j - a scroll of enchant armour
 k - a scroll of blinking
Potions
 a - 6 potions of magic
 e - 3 potions of curing
 h - a potion of mutation {unknown}
 m - a potion of might {unknown}
 n - 3 potions of enlightenment
 p - 2 potions of resistance
 q - a potion of heal wounds


   Skills:
 + Level 1.2 Fighting
 + Level 6.1 Dodging
 + Level 8.3 Stealth
 - Level 1.1 Unarmed Combat
 * Level 10.9 Spellcasting
 * Level 7.8 Conjurations
 + Level 12.1 Fire Magic
 * Level 4.1 Invocations


You had 19 spell levels left.
You knew the following spells:

 Your Spells              Type           Power      Damage    Failure   Level
a - Foxfire               Conj/Fire      100%       2x1d9     1%          1
b - Scorch                Fire           100%       2d9       1%          2
c - Inner Flame           Hex/Fire       37%        N/A       1%          3
d - Flame Wave            Conj/Fire      52%        2d13      1%          4

Your spell library contained the following spells:

 Spells                   Type           Power      Damage    Failure   Level
 Magic Dart               Conj           100%       1d8       1%          1
 Searing Ray              Conj           88%        2d7       1%          2
 Volatile Blastmotes      Fire/Tloc      74%        2d16      1%          3
 Stone Arrow              Conj/Erth      54%        3d10      3%          3
 Sandblast                Erth           22%        2d7       6%          1
 Passwall                 Tmut/Erth      9%         N/A       9%          2
 Fulminant Prism          Conj/Hex       13%        3d8       12%         4


Dungeon Overview and Level Annotations

Branches:
Dungeon (1/1)

Altars:
Cheibriados
Dithmenos
Elyvilon
Fedhas
Gozag
Hepliaklqana
Kikubaaqudgha
Makhleb
Nemelex Xobeh
Okawaru
Qazlal
Ru
Sif Muna
Trog
Uskayaw
Vehumet
Wu Jian
Xom
Yredelemnul
Zin
The Shining One
Jiyva
Lugonu

Shops:
D [[:!!?:=:==(:?(

Annotations:
D exclusions: ice statue and oklob plant, Roxanne


Innate Abilities, Weirdness & Mutations

You cannot wear most types of armour.
You are amphibious.
You can wear up to eight rings at the same time.
Your skin changes colour to match your surroundings (Stealth+).
Your rubbery body absorbs attacks. (AC +1, EV +1)
You are camouflaged when in or above water. (Stealth+)
You have tentacles for arms and can constrict up to eight enemies at once.


Message History

Flames lash the polar bear.
The polar bear growls angrily.
The polar bear is moderately wounded.
The polar bear's fire resistance burns away.
You hear an angry growl. x2; The hornet buzzes angrily.
The yaktaur shouts!
A polar bear comes into view.
Casting: Scorch (safe; 1% risk of failure)
Confirm with . or Enter, or press ? or * to list all spells.
Aiming: Inner Flame (safe; 1% risk of failure)
Press: ? - help, Dir - move target, f - polar bear
Aim: a polar bear (chance to affect: 88%)
The polar bear is filled with an inner flame.
The polar bear bites you!! The polar bear claws you.
The polar bear closely misses you.
Unknown command.
Casting: Inner Flame (safe; 1% risk of failure)
Confirm with . or Enter, or press ? or * to list all spells.
Casting: Flame Wave (dangerous; 1% risk of failure)
Press: ? - help, Dir - look around, f - activate A wave of flame ripples out!
The flame wave engulfs the polar bear!!
The polar bear is burned terribly!
The polar bear is severely wounded. (Press . to intensify the flame waves.)
The polar bear is engulfed in a cloud of scalding steam.
The polar bear goes berserk!
A wave of flame ripples out!
The flame wave engulfs the polar bear.
The polar bear is almost dead.
The flame wave engulfs the polar bear!
Flame seeps out of the polar bear.
The polar bear is moderately wounded.
You are engulfed in a cloud of scalding steam.
The polar bear is no longer more vulnerable to fire.
The polar bear bites you.
* * * LOW HITPOINT WARNING * * *
The polar bear misses you. The polar bear claws you.
* * * LOW HITPOINT WARNING * * *
The polar bear is engulfed in blazing flames.
Flame seeps out of the polar bear.
The polar bear goes berserk!
The polar bear is engulfed in a cloud of scalding steam.
The polar bear bites you!!
You die...

#:"▓[..[...)▓▓ #.##
+.####))▓..[[[.[.▓▓ ...#
...####▓)..[....▓▓ #..## #..#
$#▓...[%...▓▓ #.##..# +..#
c#▓....))..▓▓ ..##..# #..#
h#▓...%[..)▓▓
##$'..####..##.#▓...%[...▓▓
..##.§..###.^.##▓▓▓▓▓▓▓'▓▓▓▓+▓
.##..§...~~~~hh@§§~~~~...X≈≈▓
###~~§§...~#'########§###.≈≈≈▓
#~~~~~~~..~#_._._...#~§§##≈≈≈▓
#~~§§§§~~§§#._._._._#~~≈≈####▓▓
~~~≈≈§~~~§§#_._._._.#§§§~≈##.§#
~~~~≈§≈§~§~#._._._._#§§§§§§#§.#
+#~≈≈≈§≈≈≈§#.._._._.#§§§§§≈§..+
##≈§≈###≈§#..._._._#§§§§§~#..#
○≈##§≈# #≈≈#...._._.#§~≈≈≈≈▓..#


You could see 2 polar bears.

Vanquished Creatures
  2 deep trolls (D)
  Menkaure (D)
  5 water moccasins (D)
  4 necrophages (D)
  4 scorpions (D)
16 creatures vanquished.

Vanquished Creatures (others)
  14 foxfires (D)
  20 tentacles (D)
34 creatures vanquished.

Grand Total: 50 creatures vanquished

Notes
Turn   | Place    | Note
-------+----------+-------------------------------------------
     0 | D        | Conn the Octopode Fire Elementalist began the quest for the
                  | Orb.
     0 | D        | Reached XP level 1. HP: 11/11 MP: 3/3
     1 | D        | Noticed a merfolk siren
     4 | D        | Noticed a boulder beetle
     4 | D        | Noticed a boulder beetle
     8 | D        | Noticed a necrophage
     8 | D        | Noticed a necrophage
     8 | D        | Noticed a necrophage
     8 | D        | Noticed a necrophage
    14 | D        | Killed a necrophage
    15 | D        | Reached skill level 1 in Unarmed Combat
    15 | D        | Reached skill level 6 in Fire Magic
    15 | D        | Reached XP level 2. HP: 17/17 MP: 3/6
    15 | D        | Reached XP level 3. HP: 21/21 MP: 4/8
    15 | D        | Reached XP level 4. HP: 27/27 MP: 4/9
    17 | D        | Killed a necrophage
    18 | D        | Reached skill level 7 in Fire Magic
    18 | D        | Reached XP level 5. HP: 31/31 MP: 4/11
    23 | D        | Reached skill level 5 in Stealth
    23 | D        | Reached skill level 5 in Spellcasting
    23 | D        | Reached skill level 8 in Fire Magic
    26 | D        | Reached XP level 6. HP: 36/36 MP: 4/14
    34 | D        | Learned a level 2 spell: Scorch
    38 | D        | Learned a level 3 spell: Inner Flame
    43 | D        | Learned a level 4 spell: Flame Wave
    53 | D        | Reached skill level 9 in Fire Magic
    56 | D        | Reached skill level 5 in Conjurations
    63 | D        | HP: 1/36 [poisoned by a scorpion]
    64 | D        | Reached skill level 5 in Dodging
    64 | D        | Reached skill level 10 in Fire Magic
    64 | D        | Reached XP level 7. HP: 1/41 MP: 0/17
    78 | D        | Noticed an ice statue
    81 | D        | Found Zaklurez's Weapon Shop.
    82 | D        | Found Nuogat's Book Boutique.
    82 | D        | Found Ejoawnez's Magic Scroll Boutique.
    83 | D        | Found Fala's Jewellery Shop.
    83 | D        | Found Jekeheol's Antique Weapon Shop.
    84 | D        | Found Denizana's Book Boutique.
    84 | D        | Found Melyf's Jewellery Boutique.
    85 | D        | Found Hetaonn's Book Shop.
    85 | D        | Found Asituama's Jewellery Shop.
    86 | D        | Found Xoewu's Magic Scroll Shop.
    86 | D        | Noticed a manticore
    89 | D        | Found Rycvigg's Distillery.
    89 | D        | Found Xalaigey's Distillery.
    89 | D        | Noticed a manticore
    89 | D        | Noticed a manticore
    89 | D        | Noticed an oklob plant
    90 | D        | Found Zoxzosir's Antique Armour Shop.
    90 | D        | Found Obbam's Antique Armour Boutique.
    90 | D        | Found Jireroju's Book Shoppe.
    90 | D        | Noticed a wyvern
    92 | D        | Noticed a wyvern
    95 | D        | Noticed a wyvern
    96 | D        | Bought a ring of poison resistance for 200 gold pieces
   102 | D        | Noticed a polar bear
   104 | D        | Bought a scroll of fear for 40 gold pieces
   104 | D        | Noticed a polar bear
   135 | D        | Noticed Menkaure
   137 | D        | Killed Menkaure
   143 | D        | Found an iron altar of Okawaru.
   143 | D        | Found an opulent altar of Gozag.
   144 | D        | Found a sparkling altar of Nemelex Xobeh.
   144 | D        | Found a blossoming altar of Fedhas.
   145 | D        | Found a radiant altar of Vehumet.
   145 | D        | Found a burning altar of Makhleb.
   145 | D        | Found a white marble altar of Elyvilon.
   146 | D        | Found a hide-covered altar of Uskayaw.
   146 | D        | Found a corrupted altar of Lugonu.
   146 | D        | Found a shadowy altar of Dithmenos.
   147 | D        | Found a glowing silver altar of Zin.
   147 | D        | Found a bloodstained altar of Trog.
   147 | D        | Found an ancient bone altar of Kikubaaqudgha.
   148 | D        | Found a basalt altar of Yredelemnul.
   148 | D        | Found a shimmering blue altar of Sif Muna.
   148 | D        | Found a viscous altar of Jiyva.
   149 | D        | Found a shimmering altar of Xom.
   149 | D        | Found a sacrificial altar of Ru.
   151 | D        | Found a glowing golden altar of the Shining One.
   151 | D        | Found an ornate altar of the Wu Jian Council.
   151 | D        | Found a stormy altar of Qazlal.
   151 | D        | Found a snail-covered altar of Cheibriados.
   151 | D        | Found a hazy altar of Hepliaklqana.
   157 | D        | Became a worshipper of Sif Muna the Loreminder
   175 | D        | Noticed a kraken
   242 | D        | Reached skill level 11 in Fire Magic
   246 | D        | Reached * piety under Sif Muna
   247 | D        | Reached XP level 8. HP: 28/47 MP: 9/20
   322 | D        | Reached skill level 1 in Invocations
   322 | D        | Noticed a flying skull
   324 | D        | Noticed a flying skull
   324 | D        | Noticed a flying skull
   324 | D        | Noticed a flying skull
   324 | D        | Noticed a flying skull
   324 | D        | Noticed a flying skull
   348 | D        | Noticed a deep troll
   348 | D        | Noticed a deep troll
   358 | D        | Killed a deep troll
   359 | D        | Reached skill level 1 in Fighting
   359 | D        | Reached skill level 10 in Spellcasting
   368 | D        | Killed a deep troll
   368 | D        | Reached ** piety under Sif Muna
   369 | D        | Reached skill level 12 in Fire Magic
   369 | D        | Reached XP level 9. HP: 53/53 MP: 1/23
   504 | D        | Noticed Roxanne
   874 | D        | Noticed a yaktaur
   874 | D        | Noticed a hornet
   874 | D        | Noticed a polar bear
   875 | D        | Noticed a polar bear
   881 | D        | Mangled by a polar bear

Illustrated notes

Levels and vault maps discovered:
D:        the_violet_keep_of_menkaure [sprint2_stairs_cluster_1,
          sprint2_shoproom, sprint2_temple, sprint2_basic_supplies,
          sprint2_obstacle_2, sprint2_obstacle_6, sprint2_obstacle_7,
          sprint2_obstacle_5, sprint2_obstacle_3, sprint2_timed_cluster_1,
          sprint2_smallroom_cluster_1, sprint2_smallroom_final_cluster_1,
          sprint2_transparent_cluster_1, sprint2_second_timed_cluster_1,
          sprint2_sniper_area_1, sprint2_heavy_combat_area_1,
          sprint2_mutation_trap_area_1, sprint2_forest_area_1,
          sprint2_light_combat_area_1, sprint2_behind_water_1,
          sprint2_near_end_vault_1]

Skill      XL: |  1  2  3  4  5  6  7  8 |
---------------+-------------------------+-----
Dodging        | 3 4 5 6 |  6.1
Stealth        | 4 5 6 7 8 |  8.3
Unarmed Combat | 1 |  1.1
Spellcasting   | 3 4 5 7 8 10 | 10.9
Fire Magic     | 6 7 8 10 11 12 | 12.1
Conjurations   | 2 4 5 6 7 |  7.8
Invocations    | 4 |  4.1
Fighting       | 1 |  1.2

Action                     |  1- 3 |  4- 6 |  7- 9 || total
---------------------------+-------+-------+-------++-------
  Melee: Unarmed           |     4 |    15 |       ||    19
         Tentacles         |     2 |     6 |       ||     8
         Constrict         |     1 |     4 |       ||     5
         Punch             |       |     1 |       ||     1
   Cast: Foxfire           |       |     2 |     7 ||     9
         Scorch            |       |     1 |    23 ||    24
         Flame Wave        |       |     1 |     1 ||     2
         Inner Flame       |       |       |     1 ||     1
    Use: Potion            |     2 |     1 |     3 ||     6
         Scroll            |       |       |     8 ||     8
 Armour: Skin              |       |     1 |     1 ||     2
  Dodge: Dodged            |     1 |     8 |     7 ||    16

Table legend: (Time is in decaauts)
 A = Elapsed time spent in this place.
 B = Non-inter-level travel time spent in this place.
 C = Inter-level travel time spent in this place.
 D = Time resting spent in this place.
 E = Time spent auto-exploring this place.
 F = Levels seen in this place.
 G = Mean time per level.
                   A        B        C        D        E       F      G
               +--------+--------+--------+--------+--------+-----+--------+
         Total |    875 |    875 |      0 |    386 |      0 |   1 |  875.0 |
       Dungeon |    875 |    875 |      0 |    386 |      0 |   1 |  875.0 |
               +--------+--------+--------+--------+--------+-----+--------+

Top non-repeatable levels by time:
       D: 875 daAuts
